 Dungeon Crawl Stone Soup version 0.27.1-33-g824d729ab1 (webtiles) character file.

Game seed: 4249564609037491873

17 jlumianski the Skirmisher (level 2, 0/19 HPs)
             Began as a Gargoyle Monk on Dec 16, 2021.
             Slain by a phantom (3 damage)
             ... on level 2 of the Dungeon.
             The game lasted 00:01:46 (1092 turns).

jlumianski the Skirmisher (Gargoyle Monk)           Turns: 1092, Time: 00:01:47

Health: 0/19       AC: 10    Str: 14    XL:     2   Next: 62%
Magic:  2/2        EV: 11    Int: 10    God:
Gold:   7          SH:  0    Dex: 12    Spells: 1/1 levels left

rFire    + . .     SeeInvis .   a - +0 hand axe
rCold    . . .     Faith    .   (no shield)
rNeg     + . .     Spirit   .   c - +2 ring mail {rF+}
rPois    ∞         Reflect  .   (no helmet)
rElec    +         Harm     .   (no cloak)
rCorr    .         Rampage  .   d - +0 pair of gloves
Will     .....                  (no boots)
Stlth    +.........             (no amulet)
HPRegen  0.06/turn              (no ring)
MPRegen  0.08/turn              (no ring)

@: no status effects
A: sickness immunity, AC +2, negative energy resistance 1, electricity
resistance, torment resistance 1, petrification resistance
a: no special abilities


You were on level 2 of the Dungeon.
You visited 1 branch of the dungeon, and saw 2 of its levels.

You collected 7 gold pieces.

Inventory:

Hand Weapons
 a - a +0 hand axe (weapon)
Armour
 b - a +0 robe
 c - a +2 ring mail of fire resistance (worn)
 d - a +0 pair of gloves (worn)
Scrolls
 e - 2 scrolls of identify {unknown}


   Skills:
 + Level 3.5 Fighting
 + Level 3.0 Axes
 + Level 0.6 Armour
 + Level 2.5 Dodging
 + Level 2.3 Stealth


You had one spell level left.
You didn't know any spells.
Your spell library contained the following spells:

 Spells                   Type           Power      Damage    Failure   Level
 Apportation              Tloc           0%         N/A       61%         1
 Alistair's Intoxication  Tmut/Pois      0%         N/A       100%        5
 Invisibility             Hex            0%         N/A       100%        6


Dungeon Overview and Level Annotations

Branches:
Dungeon (2/15)

Altars:


Innate Abilities, Weirdness & Mutations

You are immune to sickness and miasma.
Your stone body is resilient. (AC +2)
You are immune to poison.
You resist negative energy. (rN+)
You are resistant to electric shocks. (rElec)
You are resistant to unholy torment.
You are immune to petrification.


Message History

The slug dart hits you but does no damage.
The endoplasm barely misses you.
You hit the dart slug.
The dart slug is almost dead.
You hit the endoplasm. The dart slug launches a dart at you.
The slug dart hits you but does no damage.
The endoplasm barely misses you.
You hit the dart slug.
You kill the dart slug!
You hit the endoplasm.
You kill the endoplasm!
Your Axes skill increases to level 3!
You see here a dart slug corpse.
e - 2 scrolls labelled VAOLEO IRGHYMIDD (gained 1) HP restored.
Found 15 gold pieces.
Found a robe.
A phantom comes into view.
The phantom hits you but does no damage.
You slash the phantom!
The phantom is moderately damaged.
The phantom hits you.
You hit the phantom.
The phantom is moderately damaged.
The phantom hits you.
The phantom blinks!
You blink.
The phantom hits you.
You hit the phantom but do no damage.
The phantom is moderately damaged.
The phantom hits you.
* * * LOW HITPOINT WARNING * * *
You hit the phantom.
The phantom is moderately damaged.
The phantom closely misses you.
You barely miss the phantom.
The phantom is moderately damaged.
The phantom barely misses you.
You hit the phantom but do no damage.
The phantom is moderately damaged.
The phantom hits you.
You die...

####<..#.#
#†.......#
#..<...###
#......# #......#
#......######
#...........####
#..............#
....#....W@..$....
#####.............
#..........[..
#.............
#.............
#.########.... #.
.... # ...


You could see a phantom.

Vanquished Creatures
  A dart slug (D:2)
  2 endoplasms
  A giant cockroach (D:1)
  2 goblins (D:1)
  2 hobgoblins (D:1)
  A quokka (D:1)
  A ball python (D:1)
  2 bats (D:1)
  A rat (D:1)
13 creatures vanquished.

Notes
Turn   | Place    | Note
-------+----------+-------------------------------------------
     0 | D:1      | jlumianski the Gargoyle Monk began the quest for the Orb.
     0 | D:1      | Reached XP level 1. HP: 14/14 MP: 1/1
   464 | D:1      | Reached XP level 2. HP: 19/19 MP: 2/2
   625 | D:1      | Found a faded altar of an unknown god.
  1080 | D:2      | Noticed a phantom
  1092 | D:2      | Slain by a phantom

Illustrated notes

Levels and vault maps discovered:
D:1:      dpeg_arrival_round_b, layout_loops_ring, basic_ecumenical_altar
D:2:      layout_basic, basic_altar, hex_intersection, grunt_ministairs_1

Skill      XL: |  1  2 |
---------------+-------+-----
Axes           | 3 |  3.0
Fighting       | |  3.5
Armour         | |  0.6
Dodging        | |  2.5
Stealth        | |  2.3

Action                   || total
-------------------------++-------
Melee: Hand axe          ||    61
 Stab: Sleeping          ||     1
Armor: Ring mail         ||    43
Dodge: Dodged            ||    36
